Map: [ESL] Alcyone

Players

Dark

  • Race: Zerg Zerg
  • Spawn Location: 1:00

Cure - Winner!

  • Race: Terran Terran
  • Spawn Location: 7:00

Event: ESL Spring 2024 Finals

VOD

Have the link to the VOD?

Description

Time

  • Played on: May 31, 2024, 6:20 p.m.
  • Length: 11:31

All games in this series

Show
View Real Time Build Order
Export as new Build Order

Dark Zerg 

Build Orders: Hatch First 

Get SALT Encoding   

  12  0:00  Drone  
  13  0:12  Overlord  
  13  0:17  Drone  
  14  0:30  Drone x2  
  16  0:47  Hatchery  
  15  0:52  Drone  
  15  0:54  Drone  
  17  0:57  Drone  
  18  1:08  Extractor  
  17  1:12  Spawning Pool  
  17  1:16  Drone  
  17  1:19  Drone  
  18  1:28  Drone  
  19  1:39  Drone  
  20  1:51  Drone  
  21  2:00  Queen x2  
  25  2:02  Zergling x4  
  27  2:11  Overlord  
  27  2:12  Drone  
  28  2:21  Hatchery  
  27  2:25  Drone  
  27  2:29  Drone  
  29  2:32  Drone  
  29  2:35  Drone  
  31  2:39  Queen  
  31  2:44  Overlord  
  33  2:49  Drone  
  34  2:52  Metabolic Boost  
  34  2:54  Drone  
  34  2:56  Drone  
  36  3:02  Queen  
  38  3:07  Overlord  
  38  3:09  Drone  
  38  3:11  Drone  
  40  3:13  Drone  
  40  3:16  Drone  
  40  3:17  Drone  
  43  3:22  Drone  
  43  3:25  Queen  
  46  3:28  Drone x2  
  46  3:31  Drone  
  49  3:35  Queen  
  49  3:39  Drone x2  
  53  3:45  Queen  
  53  3:46  Drone  
  56  3:51  Overlord  
  56  3:53  Drone x2  
  58  4:08  Overlord  
  58  4:10  Zergling x2  
  58  4:11  Zergling x4  
  58  4:12  Drone x5, Lair  
  58  4:14  Extractor  
  58  4:15  Drone, Extractor  
  65  4:17  Drone  
  66  4:25  Overlord  
  66  4:26  Overlord  
  66  4:28  Drone x2  
  66  4:30  Drone  
  69  4:34  Drone x4  
  69  4:37  Zergling x2  
  74  4:41  Baneling Nest  
  74  4:44  Drone  
  74  4:45  Evolution Chamber  
  73  4:46  Evolution Chamber  
  73  4:47  Drone x3  
  73  4:48  Drone x2  
  77  4:55  Drone, Spore Crawler  
  77  4:56  Spore Crawler  
  77  4:57  Drone  
  77  4:59  Drone x3  
  80  5:00  Drone  
  80  5:06  Hatchery  
  80  5:07  Drone  
  80  5:09  Spore Crawler  
  80  5:10  Drone  
  80  5:12  Drone  
  80  5:13  Drone  
  84  5:14  Drone  
  84  5:18  Zerg Melee Weapons Level 1  
  84  5:21  Zerg Ground Armor Level 1  
  84  5:22  Extractor  
  84  5:26  Centrifugal Hooks, Drone  
  84  5:27  Drone x2  
  84  5:28  Extractor  
  85  5:29  Extractor  
  85  5:31  Overseer  
  84  5:37  Drone x2  
  86  5:45  Drone  
  86  5:49  Drone  
  90  5:50  Drone x2, Overlord  
  90  5:56  Drone x3  
  90  5:57  Spire  
  90  6:02  Drone x2  
  90  6:05  Overlord  
  90  6:10  Hatchery, Drone x2  
  90  6:11  Drone x3  
  94  6:15  Zergling x8  
  94  6:17  Overlord  
  98  6:20  Spore Crawler  
  98  6:25  Drone  
  98  6:26  Zergling x6  
  98  6:31  Hatchery  
  101  6:35  Drone x2  
  101  6:36  Zergling x10  
  108  6:43  Zergling x8  
  112  6:47  Overlord x2  
  112  6:50  Baneling x2  
  112  6:51  Baneling x7  
  111  7:05  Overlord x2  
  111  7:10  Mutalisk x8  
  111  7:13  Zerg Melee Weapons Level 2, Overlord  
  111  7:15  Zerg Flyer Weapons Level 1  
  127  7:19  Overlord  
  127  7:20  Overlord  
  127  7:22  Zerg Ground Armor Level 2  
  127  7:26  Zergling x2  
  127  7:27  Zergling x16  
  127  7:30  Zergling x2  
  127  7:33  Zergling x2  
  127  7:34  Zergling x6  
  127  7:36  Zergling x6  
  135  7:38  Zergling x2  
  135  7:48  Mutalisk x4  
  142  7:53  Mutalisk  
  142  7:54  Zergling x2  
  142  7:57  Zergling x6  
  144  8:00  Baneling x2  
  144  8:01  Baneling x3  
  144  8:04  Zergling x10  
  149  8:08  Overlord  
  149  8:09  Mutalisk  
  149  8:10  Zergling x8  
  155  8:16  Zergling x6  
  156  8:20  Zergling x2  
  156  8:21  Zergling x6  
  156  8:23  Zergling x2  
  156  8:24  Baneling  
  156  8:25  Baneling  
  156  8:26  Zergling x2  
  156  8:27  Baneling, Zergling x8  
  164  8:28  Baneling  
  164  8:29  Zergling x4  
  164  8:30  Baneling x7  
  163  8:38  Zergling x14  
  163  8:40  Baneling x8  
  160  8:50  Overlord  
  160  8:51  Overlord x2  
  160  8:52  Baneling x6  
  160  8:53  Baneling x2  
  160  8:54  Overlord  
  157  8:59  Overlord x2  
  155  9:03  Overlord  
  151  9:11  Zergling x2  
  151  9:12  Zergling x16  
  151  9:15  Zergling x6  
  163  9:17  Baneling x10  
  163  9:20  Zergling x8  
  166  9:30  Extractor  
  165  9:32  Drone, Extractor  
  165  9:34  Mutalisk x2  
  165  9:37  Zergling x6  
  172  9:42  Mutalisk  
  172  9:44  Zergling x6  
  177  9:49  Overlord  
  177  9:52  Overlord x3  
  174  9:53  Overlord  
  174  9:59  Overlord  
  172  10:10  Hatchery, Burrow  
  156  10:22  Hatchery, Zergling x22  
  160  10:28  Zergling x2  
  154  10:35  Zergling x2  
  154  10:36  Zergling x2  
  154  10:40  Baneling  
  154  10:41  Baneling x19  
  152  10:47  Zergling x2  
Show
View Real Time Build Order
Export as new Build Order

Cure Terran - Winner!

Build Orders: Reaper Expand, Hellion Banshee 

Get SALT Encoding   

  12  0:00  SCV  
  13  0:12  SCV  
  14  0:16  Supply Depot  
  14  0:24  SCV  
  15  0:38  SCV  
  15  0:39  Barracks  
  15  0:42  Refinery  
  16  0:50  SCV  
  17  1:02  SCV  
  18  1:14  SCV  
  19  1:26  Orbital Command, Reaper  
  20  1:37  Command Center  
  20  1:45  Supply Depot  
  20  1:52  SCV  
  21  1:58  Marine  
  22  2:04  SCV  
  23  2:09  Factory  
  23  2:16  SCV  
  25  2:25  Barracks Reactor  
  25  2:28  SCV  
  25  2:33  Command Center  
  25  2:40  SCV  
  26  2:48  Orbital Command  
  26  2:52  SCV  
  26  2:56  Starport  
  27  3:05  SCV  
  28  3:07  Refinery  
  28  3:08  Hellion  
  28  3:09  Hellion  
  28  3:12  Barracks Tech Lab  
  32  3:16  SCV  
  32  3:17  SCV  
  34  3:28  SCV  
  34  3:29  SCV  
  34  3:30  Hellion x2  
  40  3:38  Banshee  
  40  3:41  SCV x2  
  45  3:45  Orbital Command  
  45  3:54  Supply Depot  
  45  3:56  SCV x2, Cloaking Field  
  45  3:59  Hellion x2  
  51  4:03  Barracks Tech Lab  
  51  4:08  SCV x2  
  53  4:13  Orbital Command  
  53  4:16  Supply Depot  
  54  4:20  SCV x2  
  54  4:21  Banshee  
  58  4:24  Marine  
  59  4:31  Barracks  
  59  4:32  SCV x2  
  59  4:35  Barracks  
  61  4:39  Supply Depot, SCV  
  61  4:40  Factory Reactor  
  61  4:42  Marine  
  61  4:44  SCV x2  
  65  4:47  Refinery  
  65  4:51  SCV  
  66  4:54  Stimpack  
  66  4:55  Refinery, Engineering Bay x2  
  66  4:56  SCV x2  
  68  5:02  Supply Depot  
  68  5:03  SCV  
  68  5:05  Marine  
  70  5:08  SCV x2  
  72  5:16  SCV  
  72  5:19  Barracks  
  72  5:20  SCV, Barracks  
  74  5:30  Terran Infantry Weapons Level 1, Starport Reactor, Terran Infantry Armor Level 1, SCV  
  74  5:31  SCV  
  74  5:32  SCV  
  74  5:34  Marine x5  
  82  5:41  Supply Depot  
  82  5:43  Supply Depot, SCV x2  
  82  5:44  SCV  
  82  5:45  Supply Depot  
  82  5:49  Siege Tank  
  88  5:52  Marine  
  88  5:56  SCV x2  
  91  5:57  Marine x2  
  91  6:02  Marine x2  
  95  6:06  Medivac x2  
  95  6:07  Barracks Reactor x2  
  95  6:08  Supply Depot x2  
  95  6:10  Marine  
  100  6:14  SCV x3  
  100  6:16  Marine x2, Refinery  
  105  6:20  Marine x2  
  105  6:21  Siege Tank  
  110  6:28  Supply Depot, Marine  
  111  6:33  Barracks  
  111  6:34  Barracks, Armory  
  111  6:35  Barracks  
  111  6:40  Medivac x2  
  111  6:41  Marine x4  
  111  6:45  Marine x2  
  121  6:49  SCV  
  121  6:51  SCV x2  
  121  6:54  Supply Depot  
  124  6:55  Supply Depot  
  124  6:59  Marine x4  
  128  7:01  Siege Tank  
  131  7:08  Marine x2  
  131  7:09  Marine x3  
  131  7:10  Combat Shield  
  136  7:17  Marine  
  136  7:22  Marine x3  
  137  7:23  Medivac x2  
  137  7:26  Marine x4  
  144  7:30  Terran Infantry Weapons Level 2  
  144  7:34  Supply Depot, Terran Infantry Armor Level 2  
  144  7:37  Marine x2  
  144  7:40  Marine x2  
  147  7:47  Marine x5  
  147  7:51  Missile Turret  
  148  7:52  Missile Turret  
  148  7:55  Marine  
  148  7:56  Marine  
  148  7:58  Siege Tank, Marine x2  
  143  8:04  Marine x2  
  143  8:05  Marine x3  
  147  8:12  Marine  
  147  8:14  Marine  
  147  8:15  Marine x3  
  147  8:16  Marine x2, Medivac x2  
  158  8:22  Marine x4  
  158  8:23  Marine  
  163  8:30  Marine  
  163  8:32  Marine  
  163  8:33  Marine x3  
  165  8:34  Marine  
  165  8:35  Marine  
  165  8:40  Marine x5  
  162  8:46  Siege Tank, Medivac x2  
  162  8:48  Marine  
  152  8:50  Marine  
  152  8:51  Marine x3  
  152  8:52  Marine  
  152  8:53  Marine  
  155  8:58  Marine x5  
  160  9:06  Marine  
  160  9:08  Marine  
  160  9:09  Marine x3  
  161  9:10  Marine x2  
  161  9:16  Marine x2  
  165  9:39  Missile Turret  
  165  9:42  Supply Depot x2  
  165  9:45  Marine  
  165  9:47  Marine  
  160  10:04  Siege Tank, Marine x10  
  160  10:05  Supply Depot  
  173  10:08  Marine x2  
  172  10:21  Marine  
  172  10:26  Marine x9  
  172  10:35  Orbital Command  
  162  10:38  Marine  
Tags
 
Add a new tag
Caveats
  • Supply blocks, unpowered buildings, or Contaminate may cause inaccurate times.
  • Supply counts are checked every 10 seconds.